 Dungeon Crawl Stone Soup version 0.29.1-2-gbd0b4ee654 (webtiles) character file.

Game seed: 11816722343141067904

132 styxcanada the Trooper (level 4, -2/42 HPs)
             Began as a Minotaur Fighter on Nov 26, 2022.
             Slain by safid's ghost (11 damage)
             ... on level 3 of the Dungeon.
             The game lasted 00:07:00 (2100 turns).

styxcanada the Trooper (Minotaur Fighter)           Turns: 2100, Time: 00:07:00

Health: -2/42      AC:  9    Str: 22    XL:     4   Next: 92%
Magic:  3/3        EV: 11    Int:  5    God:
Gold:   156        SH:  4    Dex: 10    Spells: 3/3 levels left

rFire   . . .      SeeInvis .   a - +0 war axe
rCold   . . .      Faith    .   c - +0 buckler
rNeg    . . .      Spirit   .   l - +0 chain mail
rPois   .          Reflect  .   (helmet restricted)
rElec   .          Harm     .   (no cloak)
rCorr   .          Rampage  .   (no gloves)
Will    .....                   (no boots)
Stlth   ..........              (no amulet)
HPRegen 0.14/turn               m - +4 ring of evasion
MPRegen 0.08/turn               (no ring)

@: mighty
A: horns 2, retaliatory headbutt
a: no special abilities


You were on level 3 of the Dungeon.
You visited 1 branch of the dungeon, and saw 3 of its levels.

You collected 156 gold pieces.

Inventory:

Hand Weapons
 a - a +0 war axe (weapon)
Missiles
 f - 33 stones
 i - 3 poisoned darts (quivered)
Armour
 c - a +0 buckler (worn)
 l - a +0 chain mail (worn)
Jewellery
 g - a ring of positive energy
 m - a +4 ring of evasion (left hand)
Scrolls
 e - a scroll of identify
 h - a scroll of amnesia {unknown}
 j - 2 scrolls of fog {unknown}
 k - a scroll of enchant weapon {unknown}
 o - a scroll of blinking {unknown}
 r - a scroll of noise {unknown}
Potions
 b - a potion of haste
 d - a potion of might
 n - 2 potions of heal wounds
 p - 2 potions of invisibility
 q - a potion of flight


   Skills:
 * Level 5.1 Fighting
 + Level 3.6 Axes
 * Level 4.8 Armour
 + Level 0.1 Dodging
 + Level 3.8 Shields


You had 3 spell levels left.
You didn't know any spells.
Your spell library was empty.

Dungeon Overview and Level Annotations

Branches:
Dungeon (3/15)

Altars:
Kikubaaqudgha

Annotations:
D:3 safid's ghost, amateur MiHu


Innate Abilities, Weirdness & Mutations

You have a pair of horns on your head.
You reflexively headbutt those who attack you in melee.


Message History

You hit the giant cockroach.
The giant cockroach is almost dead.
The giant cockroach bites you but does no damage.
You hit the giant cockroach.
You kill the giant cockroach!
You block the bullfrog's attack.
You feel very mighty all of a sudden.
The bullfrog hits you but does no damage. x2
You barely miss the bullfrog. You block the bullfrog's attack. x2
You slash the bullfrog!
The bullfrog is severely wounded.
The bullfrog closely misses you.
The bullfrog hits you but does no damage.
You closely miss the bullfrog. You headbutt the bullfrog.
The bullfrog is almost dead.
The bullfrog hits you.
The bullfrog hits you but does no damage.
You slash the bullfrog!
You kill the bullfrog!
Safid's ghost hits you!
Your Fighting skill increases to level 5!
You barely miss safid's ghost. Safid's ghost hits you.
You closely miss safid's ghost. Safid's ghost hits you.
You barely miss safid's ghost. You headbutt safid's ghost!
Safid's ghost is moderately damaged.
Safid's ghost hits you.
Safid's ghost hits you but does no damage.
You slash safid's ghost!
Safid's ghost is severely damaged.
Safid's ghost hits you.
You slash safid's ghost! Your headbutt misses safid's ghost.
Safid's ghost is almost destroyed.
Safid's ghost shrieks, "You must not succeed where I failed!"
Safid's ghost hits you!
* * * LOW HITPOINT WARNING * * *
You barely miss safid's ghost.
Safid's ghost is almost destroyed.
Safid's ghost shouts, "I have seen your future, and it is all used up."
Safid's ghost barely misses you. Safid's ghost hits you!
You die...

#~~~# #~$~#
########### #~~~#
#.........# #.#
#~~~###.#######.###
#.# #~~~#......#
#.... #.#
#~r~###)##.# #####
#.# ##W## #.##.#
### #.# #.@.#
#.##.# #.. #.#
#..## #..#.# #..
##.###.## ##.#.#
#.. #......# .#.#
##.> ##.##### .#.#
##.#. #.#
#.#.####.... #.#
#.#.....†.#. #.#
#.######.#.. #.#
#<# #.##.


You could see safid's ghost and a river rat.

Vanquished Creatures
  A bullfrog (D:3)
  A worm (D:2)
  2 dart slugs (D:2)
  3 ball pythons
  3 endoplasms
  2 giant cockroaches
  4 goblins
  8 hobgoblins
  3 jackals (D:1)
  4 kobolds
  4 quokkas (D:1)
  11 bats
  6 frilled lizards
  6 rats
58 creatures vanquished.

Notes
Turn   | Place    | Note
-------+----------+-------------------------------------------
     0 | D:1      | styxcanada the Minotaur Fighter began the quest for the
                  | Orb.
     0 | D:1      | Reached XP level 1. HP: 19/19 MP: 0/0
    21 | D:1      | Reached skill level 4 in Fighting
    79 | D:1      | Reached XP level 2. HP: 27/27 MP: 1/1
   163 | D:1      | Found a faded altar of an unknown god.
   811 | D:1      | Reached XP level 3. HP: 34/34 MP: 2/2
  1494 | D:2      | Found an ancient bone altar of Kikubaaqudgha.
  1998 | D:3      | Reached XP level 4. HP: 41/41 MP: 3/3
  2083 | D:3      | Found a runed translucent door.
  2085 | D:3      | Noticed safid's ghost (amateur MiHu)
  2085 | D:3      | Noticed a bullfrog
  2094 | D:3      | Killed a bullfrog
  2095 | D:3      | Reached skill level 5 in Fighting
  2100 | D:3      | Slain by safid's ghost

Illustrated notes

Levels and vault maps discovered:
D:1:      ncdulo_lavacross, layout_basic,
          hellmonk_ecumenical_altar_leap_of_faith, hex_medium,
          minmay_pentomino_t4
D:2:      layout_basic, basic_altar, minmay_pentomino_pile
D:3:      layout_loops_ring, ebering_ghost_sewer_f

Skill      XL: |  1  2  3  4 |
---------------+-------------+-----
Fighting       | 4 5 |  5.1
Armour         | 4 |  4.8
Axes           | 3 |  3.6
Dodging        | |  0.1
Shields        | |  3.8

Action                   |  1- 3 |  4- 6 || total
-------------------------+-------+-------++-------
Melee: War axe           |   106 |    14 ||   120
       Headbutt          |    18 |     2 ||    20
  Use: Scroll            |     5 |       ||     5
       Potion            |       |     1 ||     1
Armor: Scale mail        |    30 |       ||    30
       Chain mail        |    24 |     6 ||    30
Dodge: Dodged            |    58 |     4 ||    62
Block: Buckler           |    24 |     4 ||    28
